 Dungeon Crawl Stone Soup version 0.25-a0-341-g6f074c887a (webtiles) character file.

Game seed: 3357173667374300437, levelgen mode: deterministic

44 Goblin1989 the Covered (level 3, -7/24 HPs)
             Began as a Gargoyle Fighter on Dec 31, 2019.
             Killed from afar by Sigmund (12 damage)
             ... with a puff of flame
             ... on level 3 of the Dungeon.
             The game lasted 00:02:10 (1717 turns).

Goblin1989 the Covered (Gargoyle Fighter)           Turns: 1717, Time: 00:02:11

Health: -7/24      AC: 10    Str: 20    XL:     3   Next: 60%
Magic:  3/3        EV:  7    Int:  8    God:
Gold:   71         SH:  9    Dex:  9    Spells: 2/2 levels left

rFire    . . .     SeeInvis .   a - +0 flail
rCold    + . .     Gourm    .   h - +0 shield
rNeg     + . .     Faith    .   b - +0 scale mail
rPois    ∞         Spirit   .   (no helmet)
rElec    +         Reflect  .   (no cloak)
rCorr    .         Harm     .   (no gloves)
MR       .....                  (no boots)
Stlth    ..........             (no amulet)
HPRegen  0.08/turn              c - ring of protection from cold
MPRegen  0.08/turn              l - ring of flight

@: no status effects
A: negative energy resistance 1, electricity resistance, unbreathing,
petrification resistance, rot immunity, AC +3
a: Evoke Flight


You were on level 3 of the Dungeon.
You were not hungry.

You visited 1 branch of the dungeon, and saw 3 of its levels.

You collected 71 gold pieces.

Inventory:

Hand Weapons
 a - a +0 flail (weapon)
Armour
 b - a +0 scale mail (worn)
 h - a +0 shield (worn)
Jewellery
 c - a ring of protection from cold (left hand)
 l - a ring of flight (right hand)
Wands
 p - a wand of clouds (4) {@v3}
Scrolls
 i - a scroll of immolation {unknown}
 j - a scroll of enchant weapon {unknown}
 k - 2 scrolls of fear {unknown}
 m - a scroll of identify {unknown}
 n - a scroll of teleportation {unknown}
 o - a scroll of magic mapping {unknown}
Potions
 d - a potion of might {@q4}
 g - a potion of curing {unknown}
 r - 2 potions of degeneration {unknown}
Comestibles
 e - 5 rations


   Skills:
 + Level 3.7 Fighting
 * Level 2.8 Maces & Flails
 + Level 3.7 Armour
 + Level 3.6 Shields


You had 2 spell levels left.
You didn't know any spells.
Your spell library was empty.

Dungeon Overview and Level Annotations

Branches:
Dungeon (3/15)

Altars:

Annotations:
D:3 Sigmund


Innate Abilities, Weirdness & Mutations

You are resistant to torment.
Your stone body is resilient. (AC +3)
You are immune to poison.
You resist negative energy. (rN+)
You are resistant to electric shocks. (rElec)
You can survive without breathing.
You are immune to petrification.
You are immune to rotting.


Message History

You barely miss the adder. You block the adder's attack.
You closely miss the adder. You block the adder's attack.
The adder bites you but does no damage.
You completely miss the adder. The adder bites you but does no damage.
You block the adder's attack.
Your shield and scale mail prevent you from hitting the adder.
You block the adder's attack.
You closely miss the adder.
The adder bites you but does no damage. x2
You barely miss the adder. The adder bites you but does no damage.
You block the adder's attack.
You closely miss the adder.
The adder bites you but does no damage. x2
You miss the adder. You block the adder's attack.
You closely miss the adder. The adder barely misses you.
The adder bites you but does no damage.
You sock the adder!
You kill the adder!
No target in view!
No target in view!
No target in view!
No target in view!
No target in view!
No target in view!
No target in view!
No target in view!
No target in view!
No target in view!
No target in view!
No target in view!
No target in view!
No target in view!
No target in view!
No target in view!
No target in view!
No target in view!
Eating a chunk of flesh.
You eat the chunk of flesh.
This raw flesh tastes terrible.
HP restored.
Sigmund shouts!
Sigmund casts a spell at you. The puff of flame misses you.
You see here a rat corpse.
Health restored: 24 Unknown command.
Sigmund points at you and mumbles some strange words.
The magic dart hits you.
You take 4 damage, and have 20/24 hp.
You start resting.
Sigmund is too close now for your liking.
Sigmund barely misses you. Sigmund gestures at you while chanting.
You are confused.
You bump into the rock wall.
Sigmund hits you but does no damage.
You thump Sigmund!
Sigmund is heavily wounded.
You closely miss Sigmund.
Sigmund is heavily wounded.
Sigmund barely misses you.
Sigmund hits you from afar with a +0 scythe.
You take 1 damage, and have 20/24 hp.
You bump into the rock wall.
Sigmund hits you but does no damage.
You bump into the rock wall.
You feel less confused. You block Sigmund's attack.
You hit Sigmund.
Sigmund is severely wounded.
Sigmund hits you but does no damage.
You closely miss Sigmund.
Sigmund is severely wounded.
You block Sigmund's attack.
You closely miss Sigmund.
Sigmund is severely wounded.
Sigmund casts a spell at you. You resist with significant effort.
You sock Sigmund!
Sigmund is almost dead.
Sigmund mumbles some strange words.
Sigmund flickers and vanishes!
Deactivating autopickup; reactivate with Ctrl-A.
You miss something. Something hits you but does no damage.
You closely miss something. Something hits you.
You take 1 damage, and have 19/24 hp.
You miss something. You block something's attack.
You miss something.
You hear some strange, mumbled words.
A puff of flame appears from out of thin air!
The puff of flame hits you!
You take 7 damage, and have 13/24 hp.
MASSIVE DAMAGE!!
You miss something. Something hits you but does no damage.
You closely miss something. Something hits you!
* * * LOW HITPOINT WARNING * * *
You take 8 damage, and have 5/24 hp.
MASSIVE DAMAGE!!
You miss something.
You hear some strange, mumbled words.
Something tries to affect you, but you resist.
You closely miss something.
You hear some strange, mumbled words.
A puff of flame appears from out of thin air!
The puff of flame hits you!
Ouch! That really hurt!
You die...

█....>...
█....... █......
█...(. █....█
██████....█████@
.....(..........
█.{†.██████
█@█......^.
█.█..██████
█.█..█ █.█..█
█.█..█ █.█..█
█.█..█ █.█..█
█.█


There were no monsters in sight!

Vanquished Creatures
  2 adders
  A worm (D:2)
  A dart slug (D:2)
  3 bats
  2 giant cockroaches
  A goblin (D:1)
  A hobgoblin (D:1)
  3 jackals (D:1)
  3 kobolds
  2 frilled lizards
  2 rats
21 creatures vanquished.

Notes
Turn   | Place    | Note
-------+----------+-------------------------------------------
     0 | D:1      | Goblin1989 the Gargoyle Fighter began the quest for the
                  | Orb.
     0 | D:1      | Reached XP level 1. HP: 14/14 MP: 1/1
   216 | D:1      | Reached XP level 2. HP: 18/19 MP: 2/2
   871 | D:2      | Reached XP level 3. HP: 16/23 MP: 3/3
  1603 | D:3      | Noticed Sigmund
  1717 | D:3      | Killed from afar by Sigmund

Levels and vault maps discovered:
D:1:      beargit_arrival_greenhouse, layout_basic
D:2:      layout_loops_cross
D:3:      layout_basic, tso_altar, uniq_ijyb, uniq_sigmund, uniq_robin

Action                   || total
-------------------------++-------
Melee: Flail             ||   127
  Eat: Chunk             ||     3
Armor: Scale mail        ||    77
Dodge: Dodged            ||    48
Block: Shield            ||    75

Table legend:
 A = Non-vault XP
 B = Vault XP
 C = Vault XP percentage of total XP
 D = Non-vault monster count
 E = Vault monster count
 F = Vault count percentage of total count
                 A         B        C        D         E       F
            +---------+---------+-------+---------+---------+-------
      Total |      63 |       0 |   0.0 |      21 |       0 |   0.0
            +---------+---------+-------+---------+---------+-------
        D:1 |      18 |       0 |   0.0 |      10 |       0 |   0.0
        D:2 |      31 |       0 |   0.0 |       9 |       0 |   0.0
        D:3 |      14 |       0 |   0.0 |       2 |       0 |   0.0
            +---------+---------+-------+---------+---------+-------

Levels and vault maps discovered:
D:1:      beargit_arrival_greenhouse, layout_basic
D:2:      layout_loops_cross
D:3:      layout_basic, tso_altar, uniq_ijyb, uniq_sigmund, uniq_robin
